Map: Proxima Station LE

Players

Railgan - Winner!

  • Race: Zerg Zerg
  • League: Master
  • Spawn Location: 7:00

Magnus

  • Race: Terran Terran
  • League: Master
  • Spawn Location: 1:00

VOD

Have the link to the VOD?

Description

Time

  • Played on: March 1, 2017, 2:48 p.m.
  • Length: 12:25
Show
View Real Time Build Order
Export as new Build Order

Railgan Zerg - Winner!

Build Orders: Pool First, Lurkers 

Get SALT Encoding   

  12  0:02  Drone  
  13  0:13  Overlord  
  13  0:17  Drone  
  14  0:31  Drone x2  
  14  0:35  Drone  
  17  0:46  Spawning Pool  
  17  0:50  Drone  
  17  0:57  Drone  
  18  1:12  Hatchery  
  18  1:13  Extractor  
  18  1:17  Drone  
  17  1:20  Drone  
  18  1:30  Drone  
  19  1:34  Queen  
  19  1:39  Zergling x2  
  22  1:49  Overlord  
  22  2:07  Drone  
  23  2:09  Queen  
  23  2:12  Drone  
  27  2:22  Drone  
  27  2:24  Drone, Queen  
  27  2:26  Metabolic Boost  
  30  2:36  Drone  
  31  2:38  Overlord  
  31  2:42  Drone x2  
  33  2:45  Drone  
  34  2:53  Drone x2  
  34  2:57  Drone  
  37  3:02  Drone  
  37  3:04  Lair  
  38  3:10  Overlord  
  38  3:14  Drone  
  38  3:17  Overlord  
  38  3:19  Drone  
  41  3:20  Drone  
  41  3:22  Extractor  
  41  3:23  Extractor  
  41  3:24  Drone  
  41  3:25  Drone  
  41  3:30  Overlord  
  41  3:31  Evolution Chamber  
  40  3:36  Drone x4  
  44  3:42  Drone  
  44  3:48  Drone  
  46  3:52  Drone  
  46  3:54  Drone x2  
  46  3:55  Drone  
  50  4:00  Extractor, Zerg Ground Armor Level 1  
  49  4:08  Hydralisk Den, Drone x2  
  50  4:11  Drone, Overlord  
  50  4:12  Drone  
  50  4:14  Overseer  
  52  4:31  Zergling x2  
  52  4:32  Zergling x10  
  52  4:35  Overlord  
  58  4:46  Hydralisk x4, Muscular Augments  
  66  4:53  Hydralisk  
  66  4:55  Hydralisk  
  70  5:01  Overlord  
  70  5:03  Hydralisk  
  72  5:08  Overlord  
  72  5:11  Overlord  
  72  5:12  Hydralisk x2  
  76  5:18  Overlord  
  76  5:24  Hydralisk x3  
  82  5:32  Evolution Chamber  
  82  5:33  Drone  
  82  5:35  Hydralisk x2  
  82  5:37  Zergling x2  
  82  5:40  Hydralisk  
  89  5:49  Hydralisk x2  
  93  5:54  Hydralisk  
  95  6:04  Overlord  
  94  6:14  Hatchery  
  94  6:16  Zerg Missile Weapons Level 1, Lurker Den  
  93  6:32  Zergling x16  
  101  6:34  Zerg Ground Armor Level 2  
  101  6:37  Overlord  
  101  6:56  Hydralisk x4  
  101  6:58  Drone  
  101  6:59  Drone  
  111  7:03  Overlord  
  111  7:04  Hydralisk x2  
  115  7:10  Overlord  
  115  7:11  Overlord  
  109  7:32  Hydralisk  
  109  7:33  Zergling x14  
  109  7:34  Queen  
  109  7:36  Drone x2  
  122  7:38  Drone  
  122  7:42  Drone x2  
  122  7:43  Drone  
  126  7:52  Drone x3  
  129  7:58  Drone  
  129  8:00  Drone  
  129  8:01  Drone  
  132  8:06  Drone x2  
  132  8:08  Pneumatized Carapace  
  134  8:14  Overseer, Zergling x2  
  134  8:17  Drone x2  
  134  8:18  Extractor  
  134  8:19  Extractor  
  135  8:24  Hydralisk x4  
  143  8:32  Hydralisk  
  143  8:33  Hydralisk  
  145  8:41  Hydralisk x8  
  122  8:45  Hydralisk  
  124  8:55  Drone x5  
  112  9:02  Drone  
  115  9:06  Drone x2, Zerg Missile Weapons Level 2  
  117  9:16  Drone x3  
  120  9:19  Queen  
  122  9:30  Lurker x3  
  125  9:34  Drone x2  
  125  9:35  Drone, Lurker  
  125  9:36  Drone, Overlord  
  130  9:50  Lurker x2  
  130  9:51  Zergling x14  
  139  10:01  Drone  
  140  10:08  Hatchery  
  140  10:10  Zerg Melee Weapons Level 1  
  140  10:12  Hydralisk x3  
  140  10:13  Infestation Pit  
  144  10:16  Hydralisk  
  141  10:29  Hatchery  
  140  10:39  Hydralisk  
  140  10:40  Hydralisk x3  
  146  10:44  Hydralisk  
  146  10:48  Hydralisk  
  146  10:49  Hydralisk x2  
  129  10:50  Hydralisk  
  129  10:51  Zergling x4  
  121  10:59  Hydralisk x3  
  121  11:01  Hydralisk  
  126  11:04  Hydralisk  
  126  11:07  Hydralisk  
  126  11:10  Hydralisk  
  132  11:15  Hydralisk  
  132  11:16  Hydralisk  
  120  11:20  Hydralisk  
  120  11:22  Drone x2  
  120  11:24  Hydralisk  
  126  11:29  Lurker  
  126  11:30  Lurker  
  125  11:35  Hydralisk  
  125  11:36  Zergling x2  
  125  11:37  Zergling x8  
  132  11:42  Drone x2  
  132  11:44  Drone  
  132  11:45  Drone  
  136  11:51  Hydralisk x2  
  136  11:52  Hydralisk  
  136  11:53  Hydralisk  
Show
View Real Time Build Order
Export as new Build Order

Magnus Terran 

Build Orders: Reaper Expand, Bio Tank 

Get SALT Encoding   

  12  0:00  SCV  
  13  0:13  SCV  
  14  0:18  Supply Depot  
  14  0:25  SCV  
  15  0:40  Barracks, SCV  
  16  0:44  Refinery  
  16  0:52  SCV  
  18  1:04  SCV  
  18  1:16  SCV  
  19  1:28  Reaper, Orbital Command  
  20  1:40  Command Center  
  20  1:52  Barracks  
  20  1:56  SCV  
  20  2:00  Barracks Reactor  
  21  2:08  SCV  
  22  2:12  Refinery  
  22  2:19  Supply Depot  
  22  2:20  SCV  
  22  2:27  Factory  
  22  2:36  Marine  
  23  2:39  Barracks Tech Lab  
  23  2:40  Marine, SCV  
  25  2:54  Marine  
  25  2:56  Orbital Command  
  26  2:58  SCV  
  26  3:03  Stimpack  
  27  3:07  Marine  
  27  3:11  SCV  
  29  3:18  Starport  
  29  3:24  Marine x2  
  29  3:25  Factory Tech Lab  
  31  3:28  SCV  
  31  3:29  SCV  
  31  3:32  Marine  
  34  3:40  Supply Depot, SCV  
  35  3:42  Factory Reactor  
  35  3:44  SCV  
  35  3:47  Marine x2  
  38  3:52  SCV  
  38  3:55  Medivac  
  41  3:57  SCV  
  41  3:58  Marine  
  43  4:04  Supply Depot  
  43  4:05  Marine  
  43  4:07  SCV  
  43  4:09  SCV  
  46  4:12  Supply Depot  
  46  4:13  Marine  
  46  4:16  Marine  
  48  4:19  SCV  
  49  4:24  SCV  
  49  4:25  Marine  
  51  4:31  Marine, SCV  
  51  4:34  Marine  
  51  4:36  SCV  
  55  4:42  Marine  
  55  4:43  SCV  
  57  4:48  Factory Tech Lab, SCV  
  57  4:49  Marine  
  57  4:52  Marine  
  59  4:55  SCV  
  59  4:56  Engineering Bay  
  59  4:57  Medivac x2, Engineering Bay  
  64  5:01  SCV  
  65  5:11  SCV  
  66  5:15  SCV  
  66  5:18  Command Center  
  67  5:22  Refinery x2  
  67  5:23  Terran Infantry Weapons Level 1, SCV  
  67  5:28  Terran Infantry Armor Level 1  
  68  5:35  SCV  
  69  5:36  SCV  
  69  5:38  Siege Tank  
  69  5:39  Supply Depot  
  73  5:43  Marine x3  
  73  5:47  SCV  
  73  5:48  SCV  
  78  5:57  Combat Shields  
  78  5:58  Barracks  
  78  6:01  Marine x3, SCV  
  78  6:04  Supply Depot  
  82  6:12  Siege Tank  
  85  6:18  Marine  
  85  6:25  Marine, Medivac x2  
  91  6:27  Marine, Supply Depot x2  
  91  6:28  Supply Depot  
  92  6:32  Orbital Command  
  92  6:46  Marine x3  
  96  7:01  Barracks Tech Lab  
  95  7:02  Barracks  
  95  7:04  Marine x2  
  97  7:09  Factory  
  97  7:11  Barracks  
  97  7:13  Siege Tank  
  97  7:15  Armory, SCV x2  
  102  7:20  Marine x2  
  102  7:22  Marine  
  100  7:32  Command Center  
  100  7:42  Marine x4  
  104  7:46  SCV x2  
  104  7:49  Siege Tank  
  109  7:55  Factory Tech Lab  
  109  7:58  SCV  
  110  8:00  Marine x3  
  110  8:02  Supply Depot  
  110  8:04  Terran Infantry Weapons Level 2  
  110  8:05  Supply Depot  
  113  8:13  Terran Infantry Armor Level 2  
  113  8:18  SCV x2  
  115  8:21  Siege Tank  
  118  8:35  Marine x4  
  102  8:53  Marine x2  
  102  8:54  Marauder  
  97  8:56  Marine  
  97  8:59  Siege Tank x2  
  97  9:00  Medivac x2  
  102  9:11  Marine x2  
  102  9:12  Command Center  
  102  9:14  Marine x2  
  106  9:29  Marine x2  
  106  9:30  Medivac x2  
  112  9:32  SCV x2  
  112  9:34  Terran Vehicle Weapons Level 1  
  112  9:35  Siege Tank x2  
  112  9:37  Marauder  
  122  9:42  Orbital Command  
  122  9:55  Marine, Concussive Shells  
  122  9:56  Marine, Marauder, Barracks  
  122  9:58  Barracks  
  126  10:01  Marauder  
  126  10:07  Medivac x2  
  130  10:12  Refinery x2  
  130  10:13  Marine x2  
  134  10:17  Sensor Tower  
  134  10:19  Supply Depot  
  134  10:22  SCV x2  
  134  10:23  Supply Depot  
  134  10:25  Supply Depot  
  116  10:44  Marine  
  116  10:47  Marine x2, Marauder  
  93  10:53  Unknown  
  80  11:00  Orbital Command  
  80  11:02  Marine  
  75  11:05  Marine x2  
  75  11:08  Marine  
  71  11:20  Marine  
  71  11:22  Marine  
  71  11:23  Marauder  
  75  11:26  Marine  
  76  11:35  Planetary Fortress  
  76  11:38  Marine  
  77  11:40  Marine  
  77  11:41  SCV x2  
  77  11:42  Missile Turret  
  77  11:43  Missile Turret, SCV  
  77  11:44  Marine  
  82  11:48  Refinery  
  82  11:53  SCV x2  
  84  11:56  SCV  
  84  11:59  Missile Turret  
  84  12:00  Sensor Tower  
  87  12:05  SCV  
Tags
 
Add a new tag
Caveats
  • Supply blocks, unpowered buildings, or Contaminate may cause inaccurate times.
  • Supply counts are checked every 10 seconds.